 Dungeon Crawl Stone Soup version 0.31-a0-844-gdc52ec4e09 (webtiles) character file.

Game seed: 10414617574663797262

4 Bravepunisher the Ducker (level 1, 11/11 HPs)
             Began as a Spriggan Monk on Sept 30, 2023.
             Quit the game in the Ecumenical Temple.
             The game lasted 00:01:11 (426 turns).

Bravepunisher the Ducker (Spriggan Monk)             Turns: 426, Time: 00:01:12

Health: 11/11      AC:  2    Str:  7    XL:     1   Next: 58%
Magic:  2/2        EV: 18    Int: 11    God:
Gold:   16         SH:  0    Dex: 17    Spells: 0/0 levels left

rFire   . . .        a - +0 short sword
rCold   . . .        (no shield)
rNeg    . . .        b - +0 robe
rPois   .            (helmet restricted)
rElec   .            (no cloak)
rCorr   .            (gloves unavailable)
SInv    +            (boots unavailable)
Will    .....        (no amulet)
Stlth   ++           (no ring)
HPRegen 0.21/turn    (no ring)
MPRegen 0.08/turn

%: no passive effects
@: very quick
A: very small, no large weapons, unfitting armour, see invisible, speed 3
a: no special abilities


You were in the Ecumenical Temple.
You visited 2 branches of the dungeon, and saw 5 of its levels.

You collected 16 gold pieces.

Inventory:

Hand Weapons
 a - a +0 short sword (weapon)
Armour
 b - a +0 robe (worn)
Scrolls
 e - a scroll of enchant weapon {unknown}
Potions
 c - a potion of ambrosia
 d - a potion of heal wounds {unknown}


   Skills:
 * Level 2.6 Fighting
 - Level 3.2 Short Blades
 + Level 4.1 Dodging


You couldn't memorise any spells.
You didn't know any spells.
Your spell library was empty.

Dungeon Overview and Level Annotations

Branches:
Dungeon (4/15)             Temple (1/1) D:4

Altars:
Cheibriados
Fedhas
Hepliaklqana
Kikubaaqudgha
Nemelex Xobeh
Qazlal
Sif Muna
Trog
Uskayaw
Vehumet
Wu Jian
Zin

Portals:
Sewer: D:4


Innate Abilities, Weirdness & Mutations

You are very small and have problems with some larger weapons.
You are too small for most types of armour.
You have supernaturally acute eyesight. (SInv)
You cover ground extremely quickly. (Speed+++)


Message History

Found 14 gold pieces.
The giant cockroach waves its antennae.
Found a scroll labelled FATEDD REUSK.
A goblin comes into view. It is wielding a +0 dagger.
Found an emerald potion.
The goblin shouts!
The goblin unwields a +0 dagger.
The goblin wields a +0 sling.
The goblin shoots a sling bullet.
The sling bullet barely misses you.
You open the door.
Found a stone staircase leading down.
There is an open door here.
There is a stone staircase leading down here.
Found a staircase to the Ecumenical Temple.
There is a fountain of clear blue water here.
A giant cockroach comes into view.
The giant cockroach closely misses you.
There is a staircase to the Ecumenical Temple here.
The giant cockroach closely misses you.
You climb downwards.
Welcome to the Ecumenical Temple!
Found a glowing silver altar of Zin and a sparkling altar of Nemelex Xobeh.
Found a staircase back to the Dungeon.
There is a staircase back to the Dungeon here.
You closely miss the giant cockroach. The giant cockroach closely misses you.
You hit the giant cockroach but do no damage.
The giant cockroach misses you.
You barely miss the giant cockroach. The giant cockroach closely misses you.
You hit the giant cockroach but do no damage.
The giant cockroach barely misses you.
You barely miss the giant cockroach. The giant cockroach barely misses you.
You hit the giant cockroach but do no damage.
The giant cockroach barely misses you.
You hit the giant cockroach.
The giant cockroach is heavily wounded.
The giant cockroach misses you.
You hit the giant cockroach but do no damage.
The giant cockroach is heavily wounded.
The giant cockroach completely misses you.
You hit the giant cockroach.
You kill the giant cockroach!
Are you sure you want to abandon this character and quit the game? (Confirm with "yes".)

♣♣♣♣ ♣♣♣♣♣♣ ♣♣♣≈≈♣♣♣
♣≈≈≈~♣♣♣ ♣≈≈≈≈≈≈♣♣
♣♣♣≈≈~~~♣♣ ♣♣≈§≈≈≈≈≈♣♣
♣♣≈≈≈≈~~~♣♣
♣≈≈≈≈~≈≈≈≈♣♣♣≈≈≈≈~~~..~
♣≈≈§≈..~≈~~≈≈≈≈≈~~...~.
♣≈~~..†§§.~≈≈~≈≈.....♣.
♣♣≈~..@..♣♣~~~...~~~...
♣~~~...♣.......~~~~.~.
♣~§~.....♣.§.♣.~~~.~.~
♣~~§.♣....♣....~~~....
♣♣~~♣♣._........~~...~
♣~~♣♣........~.~.....
♣♣~~.~~..............
♣~~.~~.._......_.~~.
♣♣~.~~~...♣......♣..


There were no monsters in sight!

Vanquished Creatures
  2 endoplasms (D:1)
  A giant cockroach (Temple)
  A ball python (D:1)
4 creatures vanquished.

Notes
Turn   | Place    | Note
-------+----------+-------------------------------------------
     0 | D:1      | Bravepunisher the Spriggan Monk began the quest for the
                  | Orb.
     0 | D:1      | Reached XP level 1. HP: 11/11 MP: 2/2
   335 | D:4      | Noticed a black bear
   365 | D:4      | Found a glowing drain.
   407 | D:4      | Found a staircase to the Ecumenical Temple.
   416 | Temple   | Entered the Ecumenical Temple
   426 | Temple   | Quit the game

Illustrated notes

Levels and vault maps discovered:
D:1:      minmay_arrival_arboretum_small, layout_basic, serial_shops,
          nicolae_diamond_shop, glass_columns_a
D:2:      layout_loops_cross, serial_rivers, chequers_serial_rivers_small_a,
          chequers_serial_rivers_large_b, chequers_serial_rivers_small_3,
          chequers_serial_rivers_marsh, chequers_serial_rivers_small_b,
          chequers_serial_rivers_micro_d
D:3:      layout_rooms, lemuel_doored_altar, mainiacjoe_overflow_catwalk,
          gammafunk_ghost_mausoleum, uniq_robin
D:4:      layout_basic, minmay_temple_entry_antechambers, gup_sewer_entry_glass
Temple:   nicolae_temple_bog_church

Action                     || total
---------------------------++-------
  Melee: Short sword       ||    23
 Armour: Robe              ||     2
  Dodge: Dodged            ||    22

Table legend: (Time is in decaauts)
 A = Elapsed time spent in this place.
 B = Non-inter-level travel time spent in this place.
 C = Inter-level travel time spent in this place.
 D = Time resting spent in this place.
 E = Time spent auto-exploring this place.
 F = Levels seen in this place.
 G = Mean time per level.
                   A        B        C        D        E       F      G
               +--------+--------+--------+--------+--------+-----+--------+
         Total |    280 |    280 |      0 |      0 |    153 |   5 |   56.0 |
       Dungeon |    272 |    272 |      0 |      0 |    153 |   4 |   68.0 |
        Temple |      8 |      8 |      0 |      0 |      0 |   1 |    8.0 |
               +--------+--------+--------+--------+--------+-----+--------+

Top non-repeatable levels by time:
     D:1: 191 daAuts
     D:4: 49 daAuts
     D:2: 29 daAuts
  Temple: 8 daAuts
     D:3: 2 daAuts
